 Dungeon Crawl Stone Soup version 0.17.1-3-g152610e (webtiles) character file.

234 Goblin1989 the Poker (level 5, -4/38 HPs)
             Began as a Demonspawn Gladiator on Mar 12, 2016.
             Was an Initiate of Okawaru.
             Killed by divine providence
             ... invoked by an orc priest
              (13 damage)
             ... on level 4 of the Dungeon.
             The game lasted 00:06:53 (4346 turns).

Goblin1989 the Poker (Demonspawn Gladiator)         Turns: 4346, Time: 00:06:53

Health: -4/38      AC:  7    Str: 17    XL:     5   Next: 75%
Magic:  5/5        EV: 11    Int:  9    God:    Okawaru [......]
Gold:   179        SH:  0    Dex: 13    Spells: 0 memorised, 4 levels left

rFire  . . .     SeeInvis .     a - +0 trident
rCold  + . .     Clarity  .     m - +0 ring mail
rNeg   . . .     SustAt   .     (no shield)
rPois  .         Gourm    .     e - +0 helmet
rElec  .         Spirit   .     (no cloak)
rCorr  .         Warding  .     (no gloves)
rMut   .         Stasis   .     k - +0 pair of boots
MR     .....                    (no amulet)
Stlth  +.........               i - ring of flight
                                g - ring of protection from cold

@: lethally poisoned (-4 -> -9), not resistant to hostile enchantments, very
unstealthy
A: talons 1
a: Renounce Religion, Evoke Flight


You were on level 4 of the Dungeon.
You worshipped Okawaru.
Okawaru was noncommittal.
You were hungry.

You visited 1 branch of the dungeon, and saw 5 of its levels.

You collected 179 gold pieces.

Inventory:

Hand Weapons
 a - a +0 trident (weapon)
Missiles
 d - 3 throwing nets (quivered)
Armour
 e - a +0 helmet (worn)
 k - a +0 pair of boots (worn)
 m - a +0 ring mail (worn)
Jewellery
 g - a ring of protection from cold (left hand)
 i - a ring of flight (right hand)
 t - a +2 ring of intelligence {unknown}
 v - an uncursed amulet of faith {unknown}
Scrolls
 j - a scroll of amnesia {unknown}
 n - a scroll of enchant armour {unknown}
 o - a scroll of enchant weapon {unknown}
 q - 6 scrolls of identify {unknown}
 r - a scroll of blinking {unknown}
 s - 2 scrolls of recharging {unknown}
 w - a scroll of fog {unknown}
Potions
 f - 2 potions of degeneration {unknown}
 h - 3 potions of heal wounds {unknown}
 l - a potion of flight {unknown}
 p - a potion of brilliance {unknown}
Comestibles
 c - 3 bread rations
 u - a beef jerky


   Skills:
 - Level 2.0 Fighting
 * Level 6.0 Polearms
 - Level 1.7 Throwing
 - Level 2.6 Dodging


You had 4 spell levels left.
You didn't know any spells.

Dungeon Overview and Level Annotations

Branches:
Dungeon (5/15)             Temple (0/1) D:4

Altars:
Ashenzari
Gozag
Okawaru
Yredelemnul
The Shining One


Innate Abilities, Weirdness & Mutations

You have sharp toenails.


Message History

The orc priest invokes the aid of Beogh against you.
Something smites you! The orc wizard barely misses you.
The worker ant bites you.
The orc wizard gestures wildly while chanting.
The orc wizard flickers and vanishes!
Deactivating autopickup; reactivate with Ctrl-A.
The worker ant bites you.
You are poisoned.
The worker ant poisons you!
You feel sick.
You feel sick. The worker ant closely misses you.
A magic dart appears from out of thin air!
The magic dart hits you!
* * * LOW HITPOINT WARNING * * *
You feel sick.
The worker ant bites you but does no damage.
You feel sick.
The orc priest invokes the aid of Beogh against you.
Something smites you!
You die...

.....##..##.#.#.#................
.....##..##.#.#.#....##.#........
.................o......#...#.##.
................#...........#.##.
.....######.###..................
........# #'# #.............#.##.
........#♣♣.♣♣#...o.........#.##.
..#.##..#♣8.8♣#.{a............##.
..#.....'.._..'.@....###.........
..#.##..#♣8.8♣#..................
........#♣♣.♣♣#................#.
.##.##..# #'# #.<...........##.#.
.##.##..###.###.......##.........
.................................
...........................).....
.##.##..###.###........(....##.#.
.#####..##.......................


You could see a worker ant, an orc priest and an orc.

Vanquished Creatures
  A hound (D:4)
  A worker ant (D:4)
  Jessica (D:2)
  An iguana (D:4)
  4 adders
  An ooze (D:2)
  An adder skeleton (D:4)
  A worm (D:4)
  3 orcs (D:3)
  A ball python (D:3)
  A giant cockroach (D:1)
  6 goblins
  6 hobgoblins
  22 jackals
  A quokka (D:4)
  7 bats
  5 giant newts
  4 kobolds
  7 rats
74 creatures vanquished.

Notes
Turn   | Place    | Note
--------------------------------------------------------------
     0 | D:1      | Goblin1989 the Demonspawn Gladiator began the quest for the Orb.
     0 | D:1      | Reached XP level 1. HP: 16/16 MP: 1/1
    87 | D:1      | Reached skill level 3 in Polearms
    94 | D:1      | Gained mutation: You have sharp toenails. [demonic ancestry]
    94 | D:1      | Reached XP level 2. HP: 5/22 MP: 2/2
  1194 | D:2      | Noticed Jessica
  1208 | D:2      | Killed Jessica
  1208 | D:2      | Reached skill level 4 in Polearms
  1208 | D:2      | Reached XP level 3. HP: 14/27 MP: 3/3
  1376 | D:2      | Found an iron altar of Okawaru.
  1389 | D:2      | Became a worshipper of Warmaster Okawaru
  1521 | D:2      | Reached XP level 4. HP: 33/33 MP: 4/4
  2682 | D:3      | Found a shattered altar of Ashenzari.
  2727 | D:3      | Reached skill level 5 in Polearms
  3190 | D:4      | Found a staircase to the Ecumenical Temple.
  3474 | D:4      | Found an opulent altar of Gozag.
  3578 | D:4      | Reached XP level 5. HP: 33/38 MP: 5/5
  3985 | D:4      | Found a basalt altar of Yredelemnul.
  3990 | D:4      | Found a glowing golden altar of the Shining One.
  3992 | D:4      | Noticed an angel
  4189 | D:4      | Reached skill level 6 in Polearms
  4310 | D:5      | Entered Level 5 of the Dungeon
  4346 | D:4      | Killed from afar by an orc priest

Action                   |  1- 3 |  4- 6 || total
-------------------------+-------+-------++-------
Melee: Trident           |   101 |   209 ||   310
  Use: Scroll            |       |     1 ||     1
  Eat: Bread ration      |     1 |       ||     1
       Chunk             |     1 |       ||     1
       Meat ration       |       |     1 ||     1
